 Dungeon Crawl Stone Soup version 0.18-a0-1677-g2bdad6c (webtiles) character file.

216 xandermoraine the Skirmisher (level 5, -2/46 HPs)
             Began as a Draconian Wanderer on Apr 2, 2016.
             Was a Follower of Elyvilon.
             Slain by an ogre
             ... wielding a +0 giant club
              (6 damage)
             ... on level 4 of the Dungeon.
             The game lasted 00:13:39 (3188 turns).

xandermoraine the Skirmisher (Draconian Wanderer)   Turns: 3188, Time: 00:13:39

Health: -2/46      AC:  5    Str: 15    XL:     5   Next: 61%
Magic:  6/10       EV: 13    Int: 11    God:    Elyvilon [*.....]
Gold:   155        SH:  0    Dex: 12    Spells: 1 memorised, 10 levels left

rFire  . . .     SeeInvis .     r - +3 long sword (slice)
rCold  . . .     Gourm    .     (armour unavailable)
rNeg   . . .     Faith    .     (no shield)
rPois  .         Spirit   .     (helmet restricted)
rElec  .         Dismiss  .     (no cloak)
rCorr  .         Reflect  .     (no gloves)
SustAt .         Harm     .     (no boots)
MR     .....                    (no amulet)
Stlth  ++........               (no ring)
                                (no ring)

@: not resistant to hostile enchantments, unstealthy
A: unfitting armour, cold-blooded, AC +5
a: Lesser Healing, Divine Protection, Renounce Religion


You were on level 4 of the Dungeon.
You worshipped Elyvilon.
Elyvilon was aware of your devotion.
You were hungry.

You visited 1 branch of the dungeon, and saw 4 of its levels.

You collected 155 gold pieces.

Inventory:

Hand Weapons
 a - a +2 spear
 f - a +0 short sword of flaming
 r - a +3 long sword of slicing (weapon)
Missiles
 e - 4 tomahawks
 k - 8 tomahawks of returning (quivered)
Jewellery
 l - an uncursed ring of sustain attributes {unknown}
 m - an uncursed ring of sustain attributes {unknown}
Scrolls
 c - 3 scrolls of teleportation
 g - a scroll of enchant weapon
 h - a scroll of immolation
 j - 2 scrolls of remove curse
Potions
 i - a potion of heal wounds {unknown}
 n - a potion of agility {unknown}
 o - a potion of mutation {unknown}
 p - 2 potions of flight {unknown}
 q - a potion of invisibility {unknown}
Books
 b - the Guide on the Volcanoes

   Spells                             Type                      Level
   a - Flame Tongue                   Conjuration/Fire             1
   b - Conjure Flame                  Conjuration/Fire             3
Comestibles
 d - 4 bread rations
 s - a slice of pizza


   Skills:
 + Level 4.2 Fighting
 + Level 0.2 Long Blades
 + Level 1.6 Polearms
 + Level 3.0 Dodging
 + Level 1.7 Stealth
   Level 1.0 Shields
 + Level 3.7 Spellcasting
   Level 1.0 Necromancy
   Level 1.0 Ice Magic


You had 10 spell levels left.
You knew the following spells:

 Your Spells              Type           Power        Failure   Level  Hunger
a - Flame Tongue          Conj/Fire      #....        30%         1    #......


Dungeon Overview and Level Annotations

Branches:
Dungeon (4/15)
 Temple: D:4-7

Altars:
Cheibriados
Elyvilon
Fedhas
Gozag
Nemelex Xobeh
Trog
Xom
Yredelemnul


Innate Abilities, Weirdness & Mutations

Your plain brown scales are hard (AC +5).
Your body does not fit into most forms of armour.
You are cold-blooded and may be slowed by cold attacks.


Message History

Casting: Flame Tongue
Confirm with . or Enter, or press ? or * to list all spells.
Aiming: Flame Tongue
Press: ? - help, Shift-Dir - straight line, f/p - ogre
Aim: an ogre, wielding a giant club (heavily wounded)
The flame tongue hits the ogre.
The ogre is severely wounded.
The ogre closely misses you.
Casting: Flame Tongue
Confirm with . or Enter, or press ? or * to list all spells.
Aiming: Flame Tongue
Press: ? - help, Shift-Dir - straight line, f/p - ogre
Aim: an ogre, wielding a giant club (severely wounded)
The flame tongue hits the ogre.
The ogre is almost dead.
The ogre hits you with a giant club!!
Ouch! That really hurt!
* * * LOW HITPOINT WARNING * * *
You fail to use your ability.
The ogre hits you with a giant club.
You die...

##O. ....
..... ###
..... ..#
......#W#
......#.#
......O@##
......#<.#
.....
#...# ....
##.## ...
.# ## .#
.# .# .#


You could see a phantom and an ogre.

Vanquished Creatures
  A water moccasin skeleton (D:3)
  A jelly (D:4)
  5 adders
  An ooze (D:2)
  4 worms
  A giant gecko (D:3)
  4 orcs (D:3)
  A ball python (D:1)
  10 bats
  A giant cockroach (D:1)
  6 goblins
  11 hobgoblins
  7 kobolds
  A quokka (D:2)
  2 giant newts (D:3)
  17 rats
73 creatures vanquished.

Notes
Turn   | Place    | Note
--------------------------------------------------------------
     0 | D:1      | xandermoraine the Draconian Wanderer began the quest for the Orb.
     0 | D:1      | xandermoraine set off with: a +2 spear, the Guide on the Volcanoes, a scroll of teleportation, a bread ration
     0 | D:1      | Reached XP level 1. HP: 19/19 MP: 4/4
    49 | D:1      | Learned a level 1 spell: Flame Tongue
   188 | D:1      | Reached XP level 2. HP: 26/26 MP: 6/6
   713 | D:2      | Found an opulent altar of Gozag.
   714 | D:2      | Found a bloodstained altar of Trog.
   714 | D:2      | Found a basalt altar of Yredelemnul.
   714 | D:2      | Found a blossoming altar of Fedhas.
   733 | D:2      | Reached XP level 3. HP: 18/31 MP: 6/8
   932 | D:2      | Found a white marble altar of Elyvilon.
   932 | D:2      | Found a sparkling altar of Nemelex Xobeh.
   978 | D:2      | Became a worshipper of Elyvilon the Healer
  1081 | D:2      | Reached skill level 1 in Dodging
  1560 | D:2      | Found a shimmering altar of Xom.
  1740 | D:2      | Reached XP level 4. HP: 19/40 MP: 9/9
  1754 | D:2      | HP: 1/60 [worm (9)]
  2261 | D:3      | Reached skill level 4 in Fighting
  2261 | D:3      | Reached skill level 1 in Polearms
  2261 | D:3      | Reached XP level 5. HP: 14/46 MP: 10/10
  2505 | D:3      | Reached * piety under Elyvilon
  2871 | D:3      | Found a snail-covered altar of Cheibriados.
  3177 | D:4      | Noticed an ogre
  3177 | D:4      | Noticed a phantom
  3188 | D:4      | Slain by an ogre

Vault maps used:
D:1:      dpeg_arrival_pits, minivault_24, nrook_loot_triangle
D:2:      minmay_overflow_temple_hex, xom_teletrap_fun, first_bread
D:3:      nicolae_overflow_crystal_walls
D:4:      grunt_temple_overflow_magic_moments, minmay_temple_entry_fiery,
          nicolae_underground_beach

Skill      XL: |  1  2  3  4  5 |
---------------+----------------+-----
Dodging        | 1 2 3 |  3.0
Fighting       | 4 |  4.2
Polearms       | 1 |  1.6
Long Blades    | |  0.2
Stealth        | |  1.7
Shields        | |  1.0
Spellcasting   | |  3.7
Necromancy     | |  1.0
Ice Magic      | |  1.0

Action                   |  1- 3 |  4- 6 || total
-------------------------+-------+-------++-------
Melee: Spear             |   123 |    94 ||   217
       Long sword        |       |    16 ||    16
 Cast: Flame Tongue      |     1 |     4 ||     5
Invok: Lesser Healing    |       |     1 ||     1
  Use: Potion            |     2 |     1 ||     3
       Scroll            |       |     6 ||     6
 Stab: Sleeping          |     1 |     1 ||     2
  Eat: Pizza             |     1 |       ||     1
       Beef jerky        |     1 |       ||     1
       Bread ration      |       |     1 ||     1
